Map: Prion Terraces

Players

LilDicky - Winner!

  • Race: Terran Terran
  • League: Diamond

bobshkibob

  • Race: Protoss Protoss
  • League: Diamond

VOD

http://www.twitch.tv/tumescentpie

Description

Time

  • Played on: Dec. 4, 2015, 11:42 a.m.
  • Length: 5:54
Show
View Real Time Build Order
Export as new Build Order

LilDicky Terran - Winner!

Build Orders: MMM Bio 

Get SALT Encoding   

  12  0:02  SCV  
  13  0:14  SCV  
  13  0:18  Supply Depot  
  14  0:26  SCV  
  15  0:29  Refinery  
  15  0:40  SCV  
  16  0:50  Barracks  
  16  0:52  SCV  
  17  1:04  SCV  
  18  1:16  SCV  
  19  1:28  SCV  
  20  1:37  Factory  
  20  1:38  Marine  
  21  1:40  Supply Depot  
  21  1:41  Orbital Command  
  21  2:02  Marine  
  21  2:05  Barracks  
  22  2:10  Barracks  
  22  2:11  SCV  
  23  2:15  Refinery  
  23  2:20  Barracks Reactor  
  23  2:27  SCV  
  23  2:29  Supply Depot  
  24  2:39  SCV  
  24  2:43  Widow Mine  
  27  2:51  SCV  
  27  2:58  Barracks Tech Lab x2  
  27  2:59  Marine x2  
  27  3:05  Supply Depot  
  29  3:07  SCV  
  30  3:13  Widow Mine  
  32  3:28  Combat Shields  
  32  3:29  Stimpack, Marine  
  32  3:30  Marine x2  
  32  3:32  SCV, Marauder  
  38  3:38  Supply Depot  
  38  3:47  Marine  
  38  3:48  SCV, Marine  
  41  4:00  Widow Mine  
  45  4:10  Marauder x2, Marine x2  
  45  4:11  SCV  
  45  4:15  Starport  
  50  4:23  SCV  
  49  4:40  Marauder x2, Marine x2  
  53  4:58  Marine  
  53  4:59  Marine  
  53  5:01  Marauder  
  53  5:04  Supply Depot  
  55  5:07  SCV, Marauder, Medivac  
  60  5:23  Marauder  
  60  5:24  Marine  
  63  5:29  Marauder  
Show
View Real Time Build Order
Export as new Build Order

bobshkibob Protoss 

Build Orders: 1 Gate Expand 

Get SALT Encoding   

  12  0:01  Probe (Chrono Boost)  
  13  0:12  Probe (Chrono Boost)  
  14  0:22  Probe (Chrono Boost)  
  14  0:23  Pylon  
  15  0:41  Probe (Chrono Boost), Gateway  
  16  0:43  Assimilator  
  16  0:51  Probe (Chrono Boost)  
  17  1:02  Probe (Chrono Boost)  
  18  1:12  Probe (Chrono Boost)  
  19  1:22  Nexus  
  19  1:25  Probe (Chrono Boost)  
  20  1:36  Cybernetics Core  
  20  1:39  Probe (Chrono Boost)  
  21  1:50  Pylon  
  21  1:51  Probe (Chrono Boost)  
  22  1:56  Assimilator  
  22  2:01  Probe (Chrono Boost)  
  23  2:13  Mothership Core (Chrono Boost)  
  23  2:14  Adept  
  23  2:15  Warp Gate  
  27  2:24  Pylon  
  27  2:31  Probe (Chrono Boost)  
  27  2:35  Pylon  
  28  2:41  Probe (Chrono Boost)  
  28  2:43  Probe (Chrono Boost)  
  30  2:48  Sentry  
  32  2:59  Probe (Chrono Boost)  
  32  3:00  Probe (Chrono Boost)  
  32  3:04  Robotics Facility  
  34  3:10  Probe (Chrono Boost)  
  34  3:11  Probe (Chrono Boost)  
  36  3:19  Gateway  
  36  3:22  Probe x2 (Chrono Boost)  
  32  3:31  Forge  
  32  3:33  Probe (Chrono Boost)  
  33  3:51  Probe x2 (Chrono Boost)  
  33  3:52  Assimilator  
  34  3:56  Pylon  
  34  3:59  Observer  
  34  4:00  Assimilator  
  28  4:11  Probe x2 (Chrono Boost)  
  29  4:32  Adept x2  
  31  4:42  Photon Cannon  
  31  4:43  Probe x2 (Chrono Boost)  
  33  4:54  Probe x2 (Chrono Boost)  
  35  5:04  Probe (Chrono Boost)  
  36  5:07  Probe (Chrono Boost)  
  37  5:14  Observer  
  37  5:15  Probe (Chrono Boost)  
  37  5:20  Probe (Chrono Boost)  
  40  5:23  Sentry  
  40  5:25  Probe (Chrono Boost)  
  43  5:34  Stalker  
  43  5:49  Stalker  
Tags
 
Add a new tag
Caveats
  • Supply blocks, unpowered buildings, or Contaminate may cause inaccurate times.
  • Supply counts are checked every 10 seconds.